 Dungeon Crawl Stone Soup version 0.22-a0-410-g97be04f (webtiles) character file.

79 4thArraOfDagon the Magician (level 4, 0/30 HPs)
             Began as a Mummy Fire Elementalist on May 11, 2018.
             Slain by Menkaure (8 damage)
             ... on level 5 of the Dungeon.
             The game lasted 00:05:00 (1317 turns).

4thArraOfDagon the Magician (MuFE)                  Turns: 1317, Time: 00:05:01

Health: 0/30       AC:  4    Str: 11    XL:     4   Next: 16%
Magic:  6/9        EV: 11    Int: 15    God:
Gold:   46         SH:  0    Dex: 12    Spells: 1/9 levels left

rFire    . . .     SeeInvis .   g - +0 short sword
rCold    + . .     Gourm    .   (no shield)
rNeg     + + +     Faith    .   d - +0 leather armour {rF+}
rPois    ∞         Spirit   .   (no helmet)
rElec    .         Reflect  .   c - +0 cloak
rCorr    .         Harm     .   (no gloves)
MR       .....                  (no boots)
Stlth    +.........             (no amulet)
HPRegen  0.10/turn              (no ring)
MPRegen  0.11/turn              (no ring)

@: very slightly contaminated
A: no food or potions, fire vulnerability, cold resistance 1, negative energy
resistance 3, torment resistance, unbreathing
a: no special abilities


You were on level 5 of the Dungeon.
You were not hungry.

You visited 1 branch of the dungeon, and saw 5 of its levels.
You also visited: Ossuary.

You collected 46 gold pieces.

Inventory:

Hand Weapons
 g - a +0 short sword (weapon)
Armour
 a - a +0 robe
 c - a +0 cloak (worn)
 d - a +0 leather armour of fire resistance (worn)
Scrolls
 e - a scroll of immolation
 f - a scroll of amnesia
 h - 3 scrolls of remove curse
 i - a scroll of fear
 j - a scroll of fog


   Skills:
 - Level 1.5 Dodging
 - Level 1.5 Stealth
 + Level 3.3 Spellcasting
 * Level 2.1 Conjurations
 * Level 3.2 Fire Magic


You had one spell level left.
You knew the following spells:

 Your Spells              Type           Power        Failure   Level  Hunger
a - Flame Tongue          Conj/Fire      ##...        9%          1    N/A
b - Conjure Flame         Conj/Fire      ##......     26%         3    N/A
c - Sticky Flame          Conj/Fire      ##......     63%         4    N/A

Dungeon Overview and Level Annotations

Branches:
Dungeon (5/15)
 Temple: D:4-7

Altars:
Elyvilon

Annotations:
D:5 Menkaure


Innate Abilities, Weirdness & Mutations

You do not eat or drink.
Your flesh is vulnerable to fire.
You are immune to poison.
Your flesh is cold resistant. (rC+)
You are immune to negative energy. (rN+++)
You are immune to unholy pain and torment.
You can survive without breathing.


Message History

You miscast Sticky Flame.
You are very lightly contaminated with residual magic.
A wave of violent energy washes through your body!
Menkaure hits you!
* * * LOW HITPOINT WARNING * * *
Unknown command.
Unknown command.
Unknown command.
Menkaure casts a spell.
Menkaure seems to speed up.
Unknown command.
Unknown command.
As you read the scroll labeled CIBURU QYMAIN, it crumbles to dust.
The creatures around you are filled with an inner flame!
It was a scroll of immolation.
Unknown command.
Unknown command.
Unknown command.
Menkaure hits you!
You die...

# #.## ..#....## #..##
#.......### ###...###
..#....... ## #≈≈...≈≈#
#.........
.###≈..♣..≈#########.........
.....................$.......
.....♣._.♣...###.#####.......
............## #M## .......
...#≈..♣..≈## #@.# .......
...#≈≈...≈≈# #..# .......
...###...#### #..# .......
............# #.<## ..#.....
............# #...##..##....
.)..........# ##..#..#
............# #..#..#
.....[......# #..#.#
....(.......# #....#


You could see Menkaure (inner flame).

Vanquished Creatures
  4 mummies (Ossuary)
  A howler monkey skeleton (D:5)
  A dart slug (D:1)
  An orc (D:5)
  3 giant cockroaches
  2 gnoll zombies (Ossuary)
  3 hobgoblins
  A quokka (D:2)
  A frilled lizard (D:1)
  4 gnoll skeletons (Ossuary)
  A goblin skeleton (Ossuary)
  2 goblin zombies (Ossuary)
  3 hobgoblin skeletons (Ossuary)
  A hobgoblin zombie (Ossuary)
  3 kobolds
  An orc skeleton (Ossuary)
  4 orc zombies (Ossuary)
  2 rats
  A rat skeleton (Ossuary)
  2 rat zombies
41 creatures vanquished.

Vanquished Creatures (others)
  2 gnoll skeletons (Ossuary)
  2 goblin skeletons (Ossuary)
  4 goblin zombies (Ossuary)
  3 hobgoblin skeletons (Ossuary)
  2 kobold skeletons (Ossuary)
  4 kobold zombies (Ossuary)
  2 orc skeletons (Ossuary)
  4 orc zombies (Ossuary)
  4 rat skeletons (Ossuary)
  3 rat zombies (Ossuary)
30 creatures vanquished.

Grand Total: 71 creatures vanquished

Notes
Turn   | Place    | Note
-------+----------+-------------------------------------------
     0 | D:1      | 4thArraOfDagon the Mummy Fire Elementalist began the quest for the Orb.
     0 | D:1      | Reached XP level 1. HP: 13/13 MP: 4/4
    22 | D:1      | Reached skill level 1 in Conjurations
   170 | D:1      | Reached XP level 2. HP: 19/19 MP: 1/5
   429 | D:4      | Noticed a howler monkey
   446 | D:5      | Entered Level 5 of the Dungeon
   563 | D:5      | Reached XP level 3. HP: 21/24 MP: 4/7
   568 | D:5      | Learned a level 3 spell: Conjure Flame
   576 | D:5      | Found a white marble altar of Elyvilon.
   588 | D:5      | Found a sand-covered staircase.
   602 | Ossuary  | Entered an ossuary
  1217 | Ossuary  | Reached XP level 4. HP: 30/30 MP: 3/9
  1280 | D:5      | Learned a level 4 spell: Sticky Flame
  1306 | D:5      | Noticed Menkaure
  1317 | D:5      | Slain by Menkaure

Vault maps used:
D:1:      lightli_arrival_noodles
D:2:      kennysheep_nondescript
D:3:      uniq_grinder, uniq_robin
D:4:      kennysheep_orc_chapel, uniq_eustachio
D:5:      first_ration, enter_ossuary_3, elyvilon_altar_4, uniq_menkaure
Ossuary:  ossuary_due_pyramid

Skill      XL: |  1  2  3 |
---------------+----------+-----
Conjurations   | 1 2 |  2.1
Spellcasting   | 3 |  3.3
Fire Magic     | 3 |  3.2
Dodging        | |  1.5
Stealth        | |  1.5

Action                   |  1- 3 |  4- 6 || total
-------------------------+-------+-------++-------
Melee: Short sword       |    52 |       ||    52
 Cast: Flame Tongue      |    42 |     5 ||    47
       Conjure Flame     |     3 |       ||     3
  Use: Scroll            |     4 |     3 ||     7
Armor: Leather armour    |    10 |       ||    10
Dodge: Dodged            |    25 |       ||    25

Table legend:
 A = Spawn XP
 B = Non-spawn XP
 C = Spawn XP percentage of total XP
 D = Spawn monster count
 E = Non-spawn monster count
 F = Spawn count percentage of total count
 G = Total turns spent on level
                    A         B        C        D         E        F      G
               +---------+---------+-------+---------+---------+-------+---------
         Total |       0 |     113 |   0.0 |       0 |      36 |   0.0 |  1317
               +---------+---------+-------+---------+---------+-------+---------
           D:1 |       0 |      15 |   0.0 |       0 |       8 |   0.0 |   220
           D:2 |       0 |       6 |   0.0 |       0 |       3 |   0.0 |    75
           D:3 |       0 |       4 |   0.0 |       0 |       3 |   0.0 |    91
           D:5 |       0 |      18 |   0.0 |       0 |       3 |   0.0 |   210
       Ossuary |       0 |      70 |   0.0 |       0 |      19 |   0.0 |   661
               +---------+---------+-------+---------+---------+-------+---------
